 Seeded DCSS version 0.30-a0-585-g93115170b9 (webtiles) character file.

Game seed: 17976093497368480861 (custom seed)

337 purpskrrrp the Shooter (level 6, -2/25 (34) HPs)
             Began as a Deep Elf Hunter on Jan 1, 2023.
             Was a Believer of Vehumet.
             Slain by a river rat (5 damage)
             ... in a sewer.
             The game lasted 00:04:14 (1715 turns).

purpskrrrp the Shooter (Deep Elf Hunter)            Turns: 1715, Time: 00:04:15

HP:   -2/25 (34)    AC:  4    Str:  8    XL:     6   Next: 28%
MP:   11/12         EV: 13    Int: 14    God:    Vehumet [**....]
Gold: 78            SH:  0    Dex: 20    Spells: 9/10 levels left

rFire   . . .      SeeInvis .    a - +0 shortbow
rCold   . . .      Faith    .    (shield currently unavailable)
rNeg    . . .      Spirit   .    c - +0 leather armour
rPois   .          Reflect  .    (no helmet)
rElec   .          Harm     .    (no cloak)
rCorr   .          Rampage  .    j - +0 pair of gloves
Will    .....                    (no boots)
Stlth   +++                      (no amulet)
HPRegen 0.24/turn                (no ring)
MPRegen 0.13/turn                (no ring)

@: hasted, very heavily drained, very quick
A: no striking features
a: Renounce Religion


You were in a sewer.
You worshipped Vehumet.
Vehumet was pleased with you.
You visited 1 branch of the dungeon, and saw 3 of its levels.
You also visited: Sewer.

You collected 78 gold pieces.

Inventory:

Hand Weapons
 a - a +0 shortbow (weapon)
Armour
 c - a +0 leather armour (worn)
 j - a +0 pair of gloves (worn)
Jewellery
 i - a +6 ring of strength
Scrolls
 b - a scroll of immolation
 g - 4 scrolls of identify
 l - a scroll of amnesia {unknown}
Potions
 d - a potion of attraction {unknown}
 e - a potion of curing
 f - a potion of haste
 h - 2 potions of heal wounds {unknown}
 k - a potion of mutation {unknown}


   Skills:
 - Level 1.5 Fighting
 * Level 7.6 Ranged Weapons
 + Level 4.2 Dodging
 + Level 3.9 Stealth
 + Level 2.8 Spellcasting
 + Level 0.5 Conjurations
 + Level 0.4 Necromancy


You had 9 spell levels left.
You knew the following spells:

 Your Spells              Type           Power      Damage    Failure   Level
a - Kiss of Death         Conj/Necr      12%        2d6       26%         1

Your spell library contained the following spells:

 Spells                   Type           Power      Damage    Failure   Level
 Searing Ray              Conj           6%         2d4       36%         2


Dungeon Overview and Level Annotations

Branches:
Dungeon (3/15)              Sewer (1/1)

Altars:
Vehumet


Message History

The hell rat bites you!
You feel drained. The hell rat bites you!
* * * LOW HITPOINT WARNING * * *
There are monsters nearby!
Casting: Kiss of Death (safe; 26% risk of failure)
Confirm with . or Enter, or press ? or * to list all spells.
You can't see any susceptible monsters within range! (Use Z to cast anyway.)
Casting: Kiss of Death (safe; 26% risk of failure)
Confirm with . or Enter, or press ? or * to list all spells.
You can't see any susceptible monsters within range! (Use Z to cast anyway.)
You feel yourself speed up. The hell rat bites you.
* * * LOW HITPOINT WARNING * * *
You enter the shallow water.
Moving in this stuff is going to be slow.
The hell rat twitches its whiskers.
You see here a rat corpse.
It was a potion of curing.
You feel better.
You feel better.
You shoot an arrow. The arrow hits the hell rat.
The hell rat is lightly wounded.
The hell rat bites you!
You shoot an arrow. The arrow hits the hell rat.
The hell rat is moderately wounded.
The hell rat misses you. The river rat misses you.
Okay, then.
Casting: Kiss of Death (safe; 26% risk of failure)
Confirm with . or Enter, or press ? or * to list all spells.
Aiming: Kiss of Death (safe; 26% risk of failure)
Press: ? - help, Shift-Dir - straight line, f/p - hell rat
Aim: a hell rat (moderately wounded, 100% to hit)
The negative energy hits the hell rat but does no damage.
The hell rat completely resists.
The hell rat is moderately wounded.
You feel drained. The hell rat barely misses you. The river rat bites you!
* * * LOW HITPOINT WARNING * * *
You shoot an arrow. The arrow closely misses the hell rat.
You shoot an arrow.
The arrow hits the hell rat but does no damage.
The hell rat is moderately wounded.
The hell rat misses you. The river rat bites you.
You die...

#########
###~.~∩~.~###
#.~~†~∩...~.###
..~~~#####...~~#
.~~###!∩
###~~.##
.~##~??? ##..~#
~ .~~~~ #~r@#
~~~~ ##~r.# .~
#~~ ###~~.##
.~~~##'##~.~..#
#..†~...~...###
###~.~~..~###
#########


You could see a hell rat and a river rat.

Vanquished Creatures
  Sigmund (D:2)
  5 gnolls
  3 adders
  4 river rats
  3 worms
  A dart slug (D:1)
  6 ball pythons
  3 bats
  6 endoplasms
  2 giant cockroaches
  2 goblins (D:1)
  6 hobgoblins
  4 kobolds
  3 quokkas
  4 frilled lizards
  8 rats
61 creatures vanquished.

Notes
Turn   | Place    | Note
-------+----------+-------------------------------------------
     0 | D:1      | purpskrrrp the Deep Elf Hunter began the quest for the Orb.
     0 | D:1      | Reached XP level 1. HP: 12/12 MP: 3/3
   103 | D:1      | Noticed a floating eye
   105 | D:1      | Found a faded altar of an unknown god.
   117 | D:1      | Reached XP level 2. HP: 15/16 MP: 4/4
   122 | D:1      | Noticed a floating eye
   122 | D:1      | Noticed a golden eye
   122 | D:1      | Noticed a great orb of eyes
   144 | D:1      | Prayed at the altar of an unknown god.
   144 | D:1      | Became a worshipper of Vehumet
   144 | D:1      | Reached * piety under Vehumet
   144 | D:1      | Offered knowledge of Kiss of Death by Vehumet.
   298 | D:1      | Reached skill level 6 in Ranged Weapons
   298 | D:1      | Reached XP level 3. HP: 20/20 MP: 5/5
   614 | D:1      | Learned a level 1 spell: Kiss of Death
   788 | D:2      | Reached skill level 1 in Spellcasting
   910 | D:2      | Reached ** piety under Vehumet
   936 | D:2      | Reached XP level 4. HP: 25/25 MP: 7/7
   959 | D:2      | Noticed Sigmund
   973 | D:2      | Killed Sigmund
   973 | D:2      | Offered knowledge of Searing Ray by Vehumet.
   974 | D:2      | Reached skill level 7 in Ranged Weapons
   974 | D:2      | Reached XP level 5. HP: 18/29 MP: 7/10
  1267 | D:2      | Reached XP level 6. HP: 16/34 MP: 11/11
  1648 | D:3      | Found a glowing drain.
  1656 | Sewer    | Entered a sewer
  1715 | Sewer    | Slain by a river rat

Illustrated notes

Levels and vault maps discovered:
D:1:      dpeg_arrival_tiny_c, layout_basic,
          hellmonk_ecumenical_altar_watching_god
D:2:      layout_basic, uniq_sigmund
D:3:      layout_basic, vehumet_altar_wand_db, tgw_sif,
          lightli_sewer_entry_pipes, grunt_decor_one_mirror,
          cheibrodos_gnoll_hut, uniq_grinder, uniq_terence, uniq_robin
Sewer:    sewer_hellmonk_bad_rat

Skill      XL: |  1  2  3  4  5 |
---------------+----------------+-----
Stealth        | 2 3 |  3.9
Ranged Weapons | 6 7 |  7.6
Dodging        | 3 4 |  4.2
Spellcasting   | 1 2 |  2.8
Fighting       | |  1.5
Conjurations   | |  0.5
Necromancy     | |  0.4

Action                   |  1- 3 |  4- 6 || total
-------------------------+-------+-------++-------
 Fire: Shortbow          |   112 |    75 ||   187
 Cast: Kiss of Death     |       |     2 ||     2
  Use: Scroll            |     3 |       ||     3
       Potion            |       |     3 ||     3
Armor: Leather armour    |     5 |     2 ||     7
Dodge: Dodged            |    19 |    26 ||    45

Table legend: (Time is in decaauts)
 A = Elapsed time spent in this place.
 B = Non-inter-level travel time spent in this place.
 C = Inter-level travel time spent in this place.
 D = Time resting spent in this place.
 E = Time spent auto-exploring this place.
 F = Levels seen in this place.
 G = Mean time per level.
                   A        B        C        D        E       F      G
               +--------+--------+--------+--------+--------+-----+--------+
         Total |   1769 |   1689 |     80 |      0 |   1323 |   4 |  442.2 |
       Dungeon |   1710 |   1630 |     80 |      0 |   1301 |   3 |  570.0 |
         Sewer |     59 |     59 |      0 |      0 |     22 |   1 |   59.0 |
               +--------+--------+--------+--------+--------+-----+--------+

Top non-repeatable levels by time:
     D:2: 991 daAuts
     D:1: 645 daAuts
     D:3: 73 daAuts
   Sewer: 59 daAuts
